 Dungeon Crawl Stone Soup version 0.21.1-1-g345015fe64 (webtiles) character file.

168 Lavandula the Chopper (level 5, 0/45 HPs)
             Began as a Centaur Berserker on June 3, 2018.
             Was a Believer of Trog.
             Slain by a gnoll
             ... wielding a +0 halberd
              (7 damage)
             ... on level 3 of the Dungeon.
             The game lasted 00:03:24 (662 turns).

Lavandula the Chopper (Centaur Berserker)            Turns: 662, Time: 00:03:25

Health: 0/45       AC:  6    Str: 20    XL:     5   Next: 24%
Magic:  5/5        EV: 10    Int:  6    God:    Trog [**....]
Gold:   135        SH:  0    Dex:  9    Spells: 4/4 levels left

rFire    . . .     SeeInvis .   a - +0 hand axe
rCold    . . .     Gourm    .   (no shield)
rNeg     . . .     Faith    .   b - +0 animal skin
rPois    .         Spirit   .   (no helmet)
rElec    .         Reflect  .   k - +1 cloak
rCorr    .         Harm     .   (no gloves)
MR       .....                  (no barding)
Stlth    +.........             (no amulet)
HPRegen  0.15/turn              (no ring)
MPRegen  0.09/turn              (no ring)

@: lethally poisoned (0 -> -4), very quick
A: large, hooves 3, deformed body, speed 2, tough skin 3
a: Berserk, Trog's Hand, Burn Spellbooks, Renounce Religion


You were on level 3 of the Dungeon.
You worshipped Trog.
Trog was pleased with you.
You were not hungry.

You visited 1 branch of the dungeon, and saw 3 of its levels.

You collected 135 gold pieces.

Inventory:

Hand Weapons
 a - a +0 hand axe (weapon)
 d - a +1 mace of protection
Armour
 b - a +0 animal skin (worn)
 k - a +1 cloak (worn)
Scrolls
 e - 2 scrolls of identify {unknown}
 n - a scroll of teleportation {unknown}
Potions
 f - a potion of cancellation {unknown}
 g - a potion of mutation {unknown}
 h - a potion of resistance {unknown}
 i - a potion of might {unknown}
 j - 2 potions of brilliance {unknown}
 l - a potion of lignification {unknown}
Comestibles
 c - 2 rations
 m - 3 chunks of flesh


   Skills:
 - Level 3.1 Fighting
 + Level 5.3 Axes
 - Level 1.4 Armour
 - Level 1.4 Dodging


You had 4 spell levels left.
You didn't know any spells.

Dungeon Overview and Level Annotations

Branches:
Dungeon (3/15)

Altars:


Innate Abilities, Weirdness & Mutations

You have hooves in place of feet.
Armour fits poorly on your strangely shaped body.
You cover ground very quickly.
You have extremely tough skin. (AC +3)


Message History

The adder closely misses you.
Found a ration.
You hit the adder.
The adder is lightly wounded.
The adder closely misses you.
A gnoll comes into view. It is wielding a club.
The gnoll drinks a potion.
The gnoll seems to speed up.
You recover from your berserk rage.
An adder comes into view.
The adder hisses angrily.
A gnoll comes into view. It is wielding a club.
A gnoll comes into view. It is wielding a halberd.
The gnoll hits you with a club.
The gnoll hits you from afar with a halberd!
* * * LOW HITPOINT WARNING * * *
The adder bites you.
* * * LOW HITPOINT WARNING * * *
You are poisoned.
The adder poisons you! The gnoll hits you with a halberd!
You die...

#......#..#####...
###.###......#.#.......#
#...........##.#...#####
#.........g.#..#.###
.....$.......##.###
#........#.........
#.......S.....#####
#>..gg...g.####
#.%..@Sg.### #........#
#........# #........#
#........# ##########


You could see 4 gnolls, 2 adders and a goblin.

Vanquished Creatures
  A water moccasin (D:3)
  2 adders
  2 oozes
  A worm (D:3)
  2 leopard geckos (D:1)
  A ball python (D:1)
  A giant cockroach (D:2)
  3 goblins
  2 hobgoblins
  4 jackals (D:1)
  4 kobolds
  3 bats
  2 frilled lizards (D:3)
  A quokka zombie (D:2)
  2 rats (D:3)
31 creatures vanquished.

Notes
Turn   | Place    | Note
-------+----------+-------------------------------------------
     0 | D:1      | Lavandula the Centaur Berserker began the quest for the Orb.
     0 | D:1      | Reached XP level 1. HP: 19/19 MP: 1/1
    72 | D:1      | Reached skill level 3 in Axes
   161 | D:1      | Reached XP level 2. HP: 22/26 MP: 2/2
   428 | D:1      | Reached XP level 3. HP: 16/31 MP: 3/3
   586 | D:3      | Reached ** piety under Trog
   597 | D:3      | Noticed a water moccasin
   602 | D:3      | Reached skill level 4 in Axes
   606 | D:3      | Killed a water moccasin
   606 | D:3      | Reached skill level 5 in Axes
   606 | D:3      | Reached XP level 4. HP: 22/38 MP: 4/4
   606 | D:3      | Reached XP level 5. HP: 26/45 MP: 5/5
   662 | D:3      | Slain by a gnoll

Skill      XL: |  1  2  3 |
---------------+----------+-----
Axes           | 3 5 |  5.3
Fighting       | |  3.1
Armour         | |  1.4
Dodging        | |  1.4

Action                   |  1- 3 |  4- 6 || total
-------------------------+-------+-------++-------
Melee: Hand axe          |    61 |     6 ||    67
       Kick              |    14 |     1 ||    15
Invok: Berserk           |     2 |       ||     2
  Eat: Chunk             |       |     1 ||     1
Armor: Animal skin       |    42 |       ||    42
Dodge: Dodged            |    42 |     6 ||    48
